 Dungeon Crawl Stone Soup version 0.22-a0-240-g539252a (webtiles) character file.

252843 kuniqs the Tortoise (level 18, -6/176 HPs)
             Began as a Deep Dwarf Fighter on Feb 21, 2018.
             Was the Champion of Makhleb.
             Killed from afar by a servant of whispers (28 damage)
             ... with a bolt of lightning
             ... in the Desolation of Salt.
             The game lasted 01:14:50 (29082 turns).

kuniqs the Tortoise (Deep Dwarf Fighter)           Turns: 29082, Time: 01:14:52

Health: -6/176     AC: 33    Str: 23    XL:     18   Next: 98%
Magic:  7/7        EV: 13    Int: 13    God:    Makhleb [******]
Gold:   1823       SH: 20    Dex: 18    Spells: 17/17 levels left

rFire    + . .     SeeInvis .   b - +3 broad axe (flame)
rCold    + . .     Gourm    .   c - +0 shield
rNeg     + . .     Faith    .   O - +2 gold dragon scales
rPois    +         Spirit   .   p - +2 helmet
rElec    .         Reflect  +   E - +1 cloak
rCorr    .         Harm     .   a - +2 pair of gloves {Dex+3}
MR       +++..                  D - +0 pair of boots
Stlth    ..........             m - +5 amulet of reflection
HPRegen  0.00/turn              Q - +2 ring of slaying
MPRegen  0.10/turn              J - ring "Useo" {rPois MR+ Int+2}

@: non-regenerating, heavily drained
A: damage resistance, heal wounds, negative energy resistance 1, sense
surroundings 3, no regeneration
}: 2/15 runes: barnacled, gossamer
a: Heal Wounds, Minor Destruction, Lesser Servant of Makhleb, Major Destruction,
Greater Servant of Makhleb, Renounce Religion


You were in the Desolation of Salt.
You worshipped Makhleb.
Makhleb was exalted by your worship.
You were not hungry.

You visited 7 branches of the dungeon, and saw 33 of its levels.
You also visited: Ice Cave and Desolation.

You collected 3041 gold pieces.
You spent 1218 gold pieces at shops.

Inventory:

Hand Weapons
 b - a +3 broad axe of flaming (weapon)
Missiles
 K - 10 throwing nets (quivered)
Armour
 a - a +2 pair of gloves of dexterity (worn)
 c - a +0 shield (worn)
 p - a +2 helmet (worn)
 D - a +0 pair of boots (worn)
 E - a +1 cloak (worn)
 O - +2 gold dragon scales (worn)
Jewellery
 m - a +5 amulet of reflection (around neck)
 J - the ring "Useo" (right hand) {rPois MR+ Int+2}
   (You found it on level 3 of the Lair of Beasts)

   [ring of protection from magic]

   It affects your intelligence (+2).
   It protects you from poison.
   It affects your resistance to hostile enchantments.
 Q - a +2 ring of slaying (left hand)
Wands
 g - a wand of paralysis (38)
 k - a wand of disintegration (15)
 s - a wand of digging (49)
 y - a wand of flame (137)
 A - a wand of iceblast (10)
 I - a wand of enslavement (5)
 L - a wand of scattershot (7)
 M - a wand of random effects (71)
Scrolls
 e - 17 scrolls of remove curse {@r2}
 i - 5 scrolls of fear
 j - 15 scrolls of teleportation
 q - 5 scrolls of blinking
 r - 6 scrolls of fog
 x - a scroll of summoning
 B - a scroll of holy word
 C - 5 scrolls of identify {@r1}
 F - a scroll of magic mapping
 N - 4 scrolls of immolation
Potions
 d - 2 potions of might
 h - a potion of lignification
 l - 2 potions of ambrosia
 n - a potion of flight
 o - 5 potions of mutation
 t - 3 potions of heal wounds
 u - 11 potions of curing {@q1}
 v - 2 potions of agility
 w - 2 potions of invisibility
 z - a potion of resistance
 H - 2 potions of haste
 P - 3 potions of cancellation
Comestibles
 f - 56 rations


   Skills:
 + Level 14.4(12.7) Fighting
 + Level 16.6(14.9) Axes
 + Level 16.8(15.0) Armour
 + Level 16.4(14.7) Dodging
 + Level 16.7(15.0) Shields
 - Level 6.0(4.7) Invocations


You had 17 spell levels left.
You didn't know any spells.

Dungeon Overview and Level Annotations

Branches:
Dungeon (15/15)            Temple (1/1) D:6            Lair (6/6) D:9
 Shoals (4/4) Lair:4       Spider (4/4) Lair:3        Slime (0/5) Lair:6
    Orc (2/2) D:11            Elf (1/3) Orc:2        Vaults (0/5) D:13
 Depths (0/5) D:15

Altars:
Ashenzari
Cheibriados
Dithmenos
Elyvilon
Fedhas
Gozag
Hepliaklqana
Kikubaaqudgha
Makhleb
Nemelex Xobeh
Okawaru
Qazlal
Ru
Sif Muna
Trog
Uskayaw
Vehumet
Wu Jian
Xom
Yredelemnul
Zin
The Shining One
Jiyva

Shops:
D:4 =   D:8 [   D:11 [(   D:14 !   Orc:2 }(*!

Portals:
Pandemonium: Orc:2

Annotations:
Lair:3 exclusion: 2 oklob plants
Lair:6 2 runed doors
Shoals:1 exclusion: Roxanne, Roxanne


Innate Abilities, Weirdness & Mutations

You are resistant to damage.
You can heal yourself by infusing magical energy.
You resist negative energy. (rN+)
You passively map a large area around you.
You do not regenerate.


Message History

* * * LOW HITPOINT WARNING * * *
The bolt of lightning hits the peacekeeper.
The peacekeeper resists.
You block the peacekeeper's attack. The peacekeeper misses you.
The halazid warlock gestures at the saltling while chanting.
The saltling's animating energy erupts into ghostly fire!
The ghostly flame explodes!
The ghostly fireball engulfs the halazid warlock.
The halazid warlock completely resists.
The ghostly fireball engulfs the saltling.
The saltling completely resists.
The ghostly fireball engulfs you! You partially resist.
You feel drained.
* * * LOW HITPOINT WARNING * * *
You slice the halazid warlock!! You burn the halazid warlock!
You hit the servant of whispers. You burn the servant of whispers.
You hit the peacekeeper but do no damage.
You block the peacekeeper's attack. x2
The servant of whispers mumbles some strange prayers to its god against you.
The bolt of lightning hits you!
You die...

.......§§§§§,,,§§§.....,*********
.....§§.§§§§§§§.........*********
)†)...§.§§§§§§§§.§......*********
).)..#.§§§§§§§§§§§......*********
)))..#..§§§§§...§.......*********
.........§§.§...........*********
)..§.§..§§..............*********
....§§§§§§.....8Lp......*********
.§§§§§§§§§§.####@.....#,*********
§§§§§§§§§§8§#:S8......#,*********
.§§§§§§.#.§§#}[#........*********
§.....§§§####:...##.....*********
.§§,,..§#* #).,...*.....*********
...,,,,,* #......*,....*********
,,,,,,,,***##,..##*,,...*********
,,,,,,,,,,,,*..#,,,,,...*********
,,,,,,,,,,8,*,,*,,,,,,,,*********


You could see a servant of whispers, a halazid warlock, a peacekeeper, a
guardian serpent and a saltling.

Vanquished Creatures
  Arachne (Spider:4)
  A kraken (Shoals:3)
  The ghost of kuniqs the Blocker, an adept DDFi of Makhleb (Spider:3)
  Ilsuiw (Shoals:4)
  An imperial myrmidon (Desolation)
  A ghost moth (Spider:4)
  4 emperor scorpions
  2 angels (Elf:1)
  2 very ugly things (IceCv)
  A stone giant (D:11)
  6 entropy weavers
  5 spark wasps
  2 halazid warlocks (Desolation)
  8 merfolk impalers
  3 merfolk javelineers (Shoals:4)
  3 ragged hierophants (Desolation)
  An ogre mage (D:15)
  4 vault guards (D:13)
  3 servants of whispers (Desolation)
  6 hydras
  2 alligator snapping turtles
  6 merfolk aquamancers
  2 centaur warriors (D:14)
  A catoblepas (Lair:4)
  4 merfolk avatars (Shoals:4)
  Erica (Lair:1)
  A satyr (Shoals:4)
  14 two-headed ogres
  Urug (Lair:3)
  6 orc high priests
  A tengu warrior (D:14)
  A soul eater (Orc:2)
  A fire crab (Lair:6)
  5 sea snakes
  Pikel (D:6)
  2 gelid demonspawn (Orc:2)
  4 ironbrand convokers (Desolation)
  4 orc knights (Orc:2)
  4 deep elf magi
  22 harpies
  2 necromancers
  A wolf spider zombie (D:15)
  32 orb spiders
  27 wolf spiders
  13 fauns
  7 ugly things
  A moth of wrath (Spider:4)
  8 orc sorcerers
  8 cyclopes
  5 elephants (Lair:2)
  16 manticores
  11 merfolk sirens
  4 torpor snails
  A gargoyle (D:14)
  2 guardian serpents (Desolation)
  7 water nymphs
  5 ice statues (IceCv)
  2 naga magi (D:15)
  4 molten gargoyles
  A smoke demon (Orc:2)
  Psyche (D:10)
  A rust devil (Orc:2)
  15 spiny frogs
  4 black mambas
  4 centaur skeletons
  An orange demon (Orc:2)
  2 kobold demonologists (D:11)
  17 demonic crawlers
  11 komodo dragons
  2 golden dragon simulacra (IceCv)
  An efreet (D:15)
  A rime drake (Lair:5)
  2 anaconda simulacra (IceCv)
  An ice devil (Orc:2)
  7 trolls
  2 polar bears
  46 jumping spiders
  A queen bee (Lair:3)
  34 merfolk
  4 wind drakes (Shoals:4)
  12 hornets
  8 saltlings (Desolation)
  10 blink frogs
  A hornet (shapeshifter) (D:15)
  Prince Ribbit (D:7)
  2 slime creatures (D:12)
  14 dream sheep
  16 hippogriffs
  12 snapping turtles
  84 redbacks
  4 wyverns
  34 tarantellas
  The ghost of crawlian the Firebug, an amateur DEFE (D:5)
  A centaur simulacrum (D:15)
  38 yaks
  A dire elephant simulacrum (IceCv)
  8 basilisks
  11 water elementals
  A warg (Orc:2)
  An iron troll simulacrum (IceCv)
  2 acid dragons
  2 harpy simulacra (IceCv)
  11 porcupines
  5 hell hounds (Lair:6)
  A hydra simulacrum (IceCv)
  19 water moccasins
  9 ice beasts
  15 ogres
  34 orc warriors
  3 sky beasts
  A hornet zombie (D:14)
  2 necrophages
  A wolf (Lair:3)
  An eye of draining (D:11)
  6 phantoms
  34 centaurs
  5 crocodiles
  5 big kobolds
  An earth elemental (Elf:1)
  A wyvern zombie (D:11)
  15 bullfrogs
  Blork the orc (D:6)
  A water moccasin zombie (D:5)
  4 scorpions
  44 killer bees
  9 wights
  9 electric eels
  5 howler monkeys
  9 crimson imps
  4 bullfrog zombies
  A jelly (D:5)
  5 lava snakes (Lair:6)
  A quasit (D:8)
  3 centaur zombies
  4 hounds
  3 bullfrog skeletons
  17 orc priests
  13 orc wizards
  4 iguanas
  4 polar bear simulacra (Lair:4)
  9 worker ants
  A yak simulacrum (Lair:4)
  3 wolf simulacra (Lair:4)
  3 hound zombies
  2 worker ant zombies
  10 gnolls
  12 adders
  A river rat (Lair:3)
  5 shadow imps
  An ooze (D:4)
  An adder zombie (D:6)
  An adder skeleton (D:5)
  4 worms
  3 dart slugs
  6 leopard geckos
  68 orcs
  6 bats
  7 giant cockroaches
  6 goblins
  13 hobgoblins
  3 jackals (D:3)
  6 quokkas
  4 frilled lizards
  A jackal skeleton (D:4)
  20 kobolds
  4 rats
  3 river rat simulacra (Lair:4)
  2 fungi
  7 plants
  2 tentacles (Shoals:3)
1241 creatures vanquished.

Vanquished Creatures (collateral kills)
  Rupert (Orc:2)
  Gastronok (Lair:1)
  The ghost of Azzok the Warrior, a journeyman GrBe of Trog (D:12)
  Harold (Lair:1)
  A merfolk avatar (Shoals:4)
  An ugly thing (D:12)
  A spiny frog (Lair:1)
  A red devil (Orc:2)
  2 slime creatures (D:12)
  A redback (Spider:3)
  A chaos spawn (Orc:2)
  A warg (Orc:2)
  A water moccasin (Lair:1)
  A porcupine (Lair:1)
  An ogre (D:12)
  A crocodile (Lair:1)
  A wight (D:12)
  An orc priest (Orc:2)
  3 orcs (Orc:2)
22 creatures vanquished.

Vanquished Creatures (others)
  A ghost moth (Spider:4)
  4 merfolk javelineers (Shoals:4)
  A satyr (Shoals:4)
  A cyclops (Shoals:4)
  A faun (Shoals:4)
  A jumping spider (Spider:4)
  A saltling (Desolation)
  2 tarantellas
  2 redbacks (Spider:4)
  2 slaves (D:6)
  A sky beast (D:11)
  5 centaurs
  An orc priest (D:6)
  2 orcs (D:6)
  2 kobolds (D:14)
  A leopard gecko skeleton (D:6)
  5 bushes (Lair:3)
  12 fungi
  51 plants
  5 tentacles (Shoals:3)
101 creatures vanquished.

Grand Total: 1364 creatures vanquished

Notes
Turn   | Place    | Note
-------+----------+-------------------------------------------
     0 | D:1      | kuniqs the Deep Dwarf Fighter began the quest for the Orb.
     0 | D:1      | Reached XP level 1. HP: 20/20 MP: 1/1
   107 | D:1      | Reached XP level 2. HP: 27/27 MP: 2/2
   221 | D:1      | Reached skill level 1 in Dodging
   409 | D:2      | Reached XP level 3. HP: 23/34 MP: 3/3
  1174 | D:3      | Reached XP level 4. HP: 40/42 MP: 3/3
  1442 | D:3      | Reached XP level 5. HP: 25/49 MP: 4/4
  1853 | D:4      | Noticed a phantom
  1891 | D:4      | Killed a phantom
  1891 | D:4      | Reached XP level 6. HP: 42/56 MP: 5/5
  2018 | D:4      | Found a blossoming altar of Fedhas.
  2114 | D:4      | Found Omauttew's Jewellery Shop.
  2394 | D:4      | Reached XP level 7. HP: 39/64 MP: 6/6
  2460 | D:5      | Entered Level 5 of the Dungeon
  2471 | D:5      | Got a diamond-encrusted scale mail
  2482 | D:5      | Identified the cursed +1 scale mail of the Ladybird {rPois rC+} (You found it on level 5 of the Dungeon)
  2530 | D:5      | Found a shadowy altar of Dithmenos.
  2578 | D:5      | Reached skill level 5 in Armour
  2590 | D:5      | Reached skill level 5 in Shields
  2625 | D:5      | Noticed crawlian's ghost (amateur DEFE)
  2652 | D:5      | Killed crawlian's ghost
  2954 | D:5      | Reached skill level 5 in Axes
  3054 | D:5      | Reached XP level 8. HP: 65/73 MP: 6/6
  3167 | D:6      | Found a staircase to the Ecumenical Temple.
  3198 | Temple   | Entered the Ecumenical Temple
  3305 | Temple   | Became a worshipper of Makhleb the Destroyer
  3367 | D:6      | Noticed Pikel
  3381 | D:6      | Killed Pikel
  3381 | D:6      | Reached skill level 5 in Fighting
  3404 | D:6      | Reached skill level 5 in Dodging
  3489 | D:6      | Noticed Blork the orc
  3496 | D:6      | Killed Blork the orc
  3724 | D:6      | Reached * piety under Makhleb
  4052 | D:7      | Gained mutation: You passively map the area around you. [Deep Dwarf growth]
  4052 | D:7      | Reached XP level 9. HP: 70/81 MP: 9/9
  4439 | D:7      | Noticed Prince Ribbit
  4645 | D:7      | Noticed a deep elf mage
  4648 | D:7      | Killed a deep elf mage
  4648 | D:7      | Reached skill level 5 in Invocations
  4941 | D:7      | Killed Prince Ribbit
  5114 | D:8      | Found Pehec's Armour Boutique.
  5509 | D:9      | Reached XP level 10. HP: 65/91 MP: 10/10
  5805 | D:9      | Reached ** piety under Makhleb
  5904 | D:9      | Found a staircase to the Lair.
  6282 | D:9      | Found a hide-covered altar of Uskayaw.
  6470 | D:9      | Noticed a two-headed ogre
  6482 | D:9      | Killed a two-headed ogre
  6601 | D:10     | Entered Level 10 of the Dungeon
  6601 | D:10     | Noticed Psyche
  7011 | D:10     | Killed Psyche
  7318 | D:10     | Reached XP level 11. HP: 85/100 MP: 8/8
  7503 | D:11     | Reached *** piety under Makhleb
  7651 | D:11     | Noticed a cyan ugly thing
  7682 | D:11     | Killed a white ugly thing
  7897 | D:11     | Found Wosankyt's Armour Shoppe.
  7898 | D:11     | Found a staircase to the Orcish Mines.
  7900 | D:11     | Found Suegir's Weapon Shoppe.
  8051 | D:11     | Reached **** piety under Makhleb
  8448 | Lair:1   | Entered Level 1 of the Lair of Beasts
  8478 | Lair:1   | Noticed Erica
  8503 | Lair:1   | Killed Erica
  8652 | Lair:1   | Noticed an eight-headed hydra
  8701 | Lair:1   | Killed a one-headed hydra
  8865 | Lair:1   | Reached skill level 10 in Armour
  8865 | Lair:1   | Reached skill level 10 in Shields
  8924 | Lair:1   | Reached XP level 12. HP: 89/112 MP: 7/7
  9002 | Lair:1   | Noticed Harold
  9007 | Lair:1   | Noticed Gastronok
  9036 | Lair:1   | Killed Harold
  9127 | Lair:1   | Killed Gastronok
  9127 | Lair:1   | Reached skill level 10 in Axes
  9809 | Lair:2   | Reached skill level 10 in Dodging
  9873 | Lair:2   | You fall through a shaft!
  9897 | Lair:3   | Found a hole to the Spider Nest.
  9955 | Lair:3   | Reached ***** piety under Makhleb
 10024 | Lair:2   | Noticed an eight-headed hydra
 10035 | Lair:2   | Killed a two-headed hydra
 10986 | Lair:3   | Noticed a four-headed hydra
 11006 | Lair:3   | Killed a one-headed hydra
 11115 | Lair:3   | Got a fine silver ring
 11143 | Lair:3   | Identified the ring "Useo" {rPois MR+ Int+2} (You found it on level 3 of the Lair of Beasts)
 11192 | Lair:3   | Reached XP level 13. HP: 84/121 MP: 6/6
 11238 | Lair:3   | Noticed Urug
 11285 | Lair:3   | Killed Urug
 12077 | Lair:4   | Reached ****** piety under Makhleb
 12298 | Lair:4   | Found a staircase to the Shoals.
 12372 | Lair:4   | Reached skill level 10 in Fighting
 13541 | Lair:6   | Entered Level 6 of the Lair of Beasts
 13715 | Lair:6   | Found a viscous altar of Jiyva.
 13716 | Lair:6   | Found a staircase to the Slime Pits.
 14170 | Lair:6   | Gained mutation: You resist negative energy. (rN+) [Deep Dwarf growth]
 14170 | Lair:6   | Reached XP level 14. HP: 105/133 MP: 6/6
 14296 | Lair:6   | Found a large runed door.
 14297 | Lair:6   | Found a large runed door.
 14806 | Orc:1    | Entered Level 1 of the Orcish Mines
 14924 | Orc:2    | Entered Level 2 of the Orcish Mines
 14924 | Orc:2    | Found a staircase to the Elven Halls.
 15097 | Orc:2    | Found Xomefe's General Store.
 15101 | Orc:2    | Found Kebity's Distillery.
 15372 | Orc:1    | Noticed Maurice
 15376 | Orc:1    | Noticed Maurice
 15376 | Orc:1    | Maurice changed into Maurice the ogre
 15383 | Orc:1    | Killed Maurice the ogre
 15710 | Orc:2    | Noticed Rupert
 15716 | Orc:2    | Paralysed by Rupert for 3 turns
 15726 | Orc:2    | Killed Rupert
 16422 | Orc:2    | Found Sicasuew's Gadget Shop.
 16422 | Orc:2    | Found a one-way gate leading to the halls of Pandemonium.
 16422 | Orc:2    | Found Omyfroc's Antique Weapon Boutique.
 16712 | D:12     | Noticed a stone giant
 16765 | D:12     | Noticed Azzok's ghost (journeyman GrBe)
 16816 | D:11     | Killed a stone giant
 17200 | D:12     | Killed Azzok's ghost
 17237 | D:12     | Reached XP level 15. HP: 44/142 MP: 6/6
 17867 | Orc:2    | Bought a broad axe for 124 gold pieces
 18030 | D:8      | Bought a +2 pair of gloves of dexterity for 279 gold pieces
 18187 | D:4      | Bought a +5 amulet of reflection for 412 gold pieces
 18675 | D:13     | Found a gate to the Vaults.
 19424 | D:14     | Found Cydios's Distillery.
 19427 | D:14     | Bought a potion of heal wounds for 65 gold pieces
 19427 | D:14     | Bought a potion of might for 52 gold pieces
 19427 | D:14     | Bought a potion of agility for 52 gold pieces
 19427 | D:14     | Bought a potion of resistance for 130 gold pieces
 19427 | D:14     | Bought a potion of mutation for 104 gold pieces
 19460 | D:15     | Entered Level 15 of the Dungeon
 19752 | D:15     | Found a staircase to the Depths.
 19939 | D:15     | Found a shadowy altar of Dithmenos.
 20890 | Spider:1 | Entered Level 1 of the Spider Nest
 21240 | Spider:1 | Reached XP level 16. HP: 152/152 MP: 7/7
 21908 | Spider:2 | Paralysed by a hornet for 1 turns
 22647 | Spider:3 | Noticed kuniqs's ghost (adept DDFi)
 22684 | Spider:3 | Killed kuniqs's ghost
 23432 | Spider:4 | Entered Level 4 of the Spider Nest
 23551 | Spider:4 | Reached skill level 15 in Armour
 23591 | Spider:4 | Reached skill level 15 in Shields
 23731 | Spider:4 | Reached XP level 17. HP: 162/162 MP: 8/8
 23841 | Spider:4 | Reached skill level 15 in Axes
 24072 | Spider:4 | Noticed Arachne
 24128 | Spider:4 | Killed Arachne
 24128 | Spider:4 | Reached skill level 15 in Dodging
 24379 | Spider:4 | Got a gossamer rune of Zot
 25000 | Shoals:1 | Entered Level 1 of the Shoals
 25195 | Shoals:1 | Noticed Roxanne
 25839 | Shoals:2 | Found a deep blue altar of Sif Muna.
 26520 | Shoals:3 | Noticed a kraken
 26532 | Shoals:3 | Killed a kraken
 26545 | Shoals:3 | Gained mutation: You passively map a large area around you. [Deep Dwarf growth]
 26545 | Shoals:3 | Reached XP level 18. HP: 156/174 MP: 9/9
 27068 | Shoals:4 | Entered Level 4 of the Shoals
 27115 | Shoals:4 | Noticed Ilsuiw
 27349 | Shoals:4 | Killed Ilsuiw
 27788 | Shoals:4 | Got a barnacled rune of Zot
 28612 | Elf:1    | Entered Level 1 of the Elven Halls
 28669 | Elf:1    | Found a frozen archway.
 28677 | IceCv    | Entered an ice cave
 28909 | Elf:1    | Found a ruined gateway.
 28911 | Elf:1    | Found a glowing golden altar of the Shining One.
 28911 | Elf:1    | Found a glowing silver altar of Zin.
 28954 | Elf:1    | Found a white marble altar of Elyvilon.
 28959 | Desolati | Entered the Desolation of Salt
 29082 | Desolati | Killed from afar by a servant of whispers

Vault maps used:
D:1:      lightli_arrival_maybe_door_vault
D:4:      serial_shops, nicolae_shop_trees, fedhas_bush_and_centaur_altar
D:5:      first_ration, basic_altar, minmay_holes
D:6:      temple_statues, lemuel_flamethrower_2, uniq_pikel, uniq_blork_the_orc
D:7:      guppyfry_early_elven_hall, uniq_prince_ribbit1
D:8:      serial_shops, nicolae_shop_waterfront
D:9:      kennysheep_mini, lair_entry_dummy
D:10:     blue_anna_alchemist, uniq_psyche
D:11:     orc_david_3, serial_curves, eino_curves_02, eino_curves_03,
          minmay_parallelograms
D:12:     cheibrodos_monumental
D:13:     lightli_vaults_fourway_checkpoint
D:14:     serial_shops, kennysheep_mini_moat, serial_park_tiny_pond,
          hangedman_abyss_or_decor_lesser_grid, minmay_unpleasant_kobolds
D:15:     grunt_enter_depths_magical_seal, nicolae_sextant, serial_bayou_ford_a,
          grunt_dithmenos_smoke_and_mirrors
Temple:   kilobyte_greek_temple
Lair:1:   serial_bayou_shore_a, grunt_megastairs_5, uniq_gastronok, uniq_harold,
          uniq_erica
Lair:2:   serial_bayou_lagoon_b
Lair:3:   regret_index_tunnel_blossom, nicolae_spider_entry_orb_guardian,
          minmay_lair_oklob_chamber, uniq_urug
Lair:4:   minmay_shoals_entry_beasts, eino_house_with_fridge
Lair:6:   cheibrodos_lair_end_hotspot, dpeg_slime_entry_enclosed_altar,
          minivault_25
Shoals:1: nicolae_shoals_wave_tunnel, uniq_roxanne
Shoals:2: cheibrodos_shoals_roost, lemuel_centaur_altar
Shoals:4: shoals_end_grunt_garden, shoals_ilsuiw_ice
Spider:1: cheibrodos_forgotten_conduit, spider_trap
Spider:3: nicolae_spider_cling_ruins
Spider:4: johnstein_spider_rune_arachne_lair
Orc:1:    uniq_maurice
Orc:2:    pf_orc_diabolical, uniq_rupert
Elf:1:    portal_desolation_entry_holy_temple,
          portal_ice_cave_entry_pillars_four, hangedman_elf_represent
IceCv:    ice_cave_statue_garden_chambered

Skill      XL: |  1  2  3  4  5  6  7  8  9 10 11 12 13 14 15 16 17 18 |
---------------+-------------------------------------------------------+-----
Dodging        | 1 2 3 4 5 6 7 9 10 11 12 13 14 15 16 | 16.4
Fighting       | 3 4 5 6 7 8 9 10 11 12 13 14 | 14.4
Axes           | 3 4 5 7 8 9 10 12 13 14 15 16 | 16.6
Armour         | 4 5 6 7 8 10 11 12 13 14 15 16 | 16.8
Shields        | 4 5 6 7 8 10 11 12 13 14 15 16 | 16.7
Invocations    | 3 5 6 |  6.0

Action                   |  1- 3 |  4- 6 |  7- 9 | 10-12 | 13-15 | 16-18 || total
-------------------------+-------+-------+-------+-------+-------+-------++-------
Melee: War axe           |   137 |   169 |   231 |  1419 |  1738 |       ||  3694
       Hand axe          |       |       |   308 |    16 |     7 |       ||   331
       Scimitar          |       |       |       |    34 |    12 |       ||    46
       Broad axe         |       |       |       |       |   422 |  2071 ||  2493
Invok: Lesser Servant of |       |       |       |     2 |     4 |     4 ||    10
 Abil: Heal Wounds       |     1 |     3 |    10 |    24 |    25 |     7 ||    70
Evoke: Wand              |       |       |     7 |    30 |    17 |     9 ||    63
  Use: Scroll            |       |       |    12 |     9 |    14 |     9 ||    44
       Potion            |       |       |       |     1 |     5 |     7 ||    13
 Stab: Distracted        |       |       |       |     3 |     1 |     1 ||     5
       Petrified         |       |       |       |       |    15 |       ||    15
       Paralysed         |       |       |       |       |       |     8 ||     8
  Eat: Chunk             |     1 |     4 |    10 |    24 |    27 |    29 ||    95
       Ration            |       |       |       |       |     3 |       ||     3
Armor: Scale mail        |    37 |       |   184 |   587 |    84 |       ||   892
       Chain mail        |    23 |    90 |     1 |       |       |       ||   114
       Skin              |       |       |       |    44 |       |       ||    44
       Gold dragon scale |       |       |       |       |   854 |  1368 ||  2222
Dodge: Dodged            |    33 |    57 |   151 |   921 |   610 |   896 ||  2668
Block: Shield            |    75 |   126 |   282 |  1103 |  1478 |  2470 ||  5534
       Reflection        |       |       |       |       |    24 |   126 ||   150
       Rpst.: Scimitar   |       |       |       |     4 |     2 |       ||     6

Table legend:
 A = Spawn XP
 B = Non-spawn XP
 C = Spawn XP percentage of total XP
 D = Spawn monster count
 E = Non-spawn monster count
 F = Spawn count percentage of total count
 G = Total turns spent on level
                    A         B        C        D         E        F      G
               +---------+---------+-------+---------+---------+-------+---------
         Total |       0 |  374609 |   0.0 |       0 |    1265 |   0.0 | 29082
               +---------+---------+-------+---------+---------+-------+---------
           D:1 |       0 |      40 |   0.0 |       0 |      22 |   0.0 |   400
           D:2 |       0 |      50 |   0.0 |       0 |      14 |   0.0 |   751
           D:3 |       0 |     198 |   0.0 |       0 |      38 |   0.0 |   658
           D:4 |       0 |     447 |   0.0 |       0 |      13 |   0.0 |   686
           D:5 |       0 |     735 |   0.0 |       0 |      17 |   0.0 |   742
           D:6 |       0 |    1175 |   0.0 |       0 |      21 |   0.0 |   624
           D:7 |       0 |    1957 |   0.0 |       0 |      21 |   0.0 |  1052
           D:8 |       0 |     108 |   0.0 |       0 |       4 |   0.0 |   582
           D:9 |       0 |    3923 |   0.0 |       0 |      31 |   0.0 |  1427
          D:10 |       0 |    2389 |   0.0 |       0 |      31 |   0.0 |   961
          D:11 |       0 |    9342 |   0.0 |       0 |      69 |   0.0 |  1161
          D:12 |       0 |   16071 |   0.0 |       0 |      48 |   0.0 |   903
          D:13 |       0 |    7010 |   0.0 |       0 |      18 |   0.0 |   639
          D:14 |       0 |    7010 |   0.0 |       0 |      39 |   0.0 |   884
          D:15 |       0 |   14969 |   0.0 |       0 |      44 |   0.0 |   959
        Lair:1 |       0 |    7388 |   0.0 |       0 |      24 |   0.0 |  1257
        Lair:2 |       0 |    6035 |   0.0 |       0 |      23 |   0.0 |  1112
        Lair:3 |       0 |   14262 |   0.0 |       0 |      74 |   0.0 |  1606
        Lair:4 |       0 |    8110 |   0.0 |       0 |      41 |   0.0 |   926
        Lair:5 |       0 |    4579 |   0.0 |       0 |      17 |   0.0 |   636
        Lair:6 |       0 |   11193 |   0.0 |       0 |      38 |   0.0 |  1046
      Shoals:1 |       0 |    6090 |   0.0 |       0 |      15 |   0.0 |   701
      Shoals:2 |       0 |   22795 |   0.0 |       0 |      50 |   0.0 |   827
      Shoals:3 |       0 |   16635 |   0.0 |       0 |      36 |   0.0 |   589
      Shoals:4 |       0 |   48296 |   0.0 |       0 |      81 |   0.0 |  1286
      Spider:1 |       0 |   21077 |   0.0 |       0 |      55 |   0.0 |   720
      Spider:2 |       0 |   16857 |   0.0 |       0 |      54 |   0.0 |   671
      Spider:3 |       0 |   22765 |   0.0 |       0 |      46 |   0.0 |  1243
      Spider:4 |       0 |   51811 |   0.0 |       0 |     121 |   0.0 |  1407
         Orc:1 |       0 |    1837 |   0.0 |       0 |      24 |   0.0 |   511
         Orc:2 |       0 |   19991 |   0.0 |       0 |      78 |   0.0 |  1497
         Elf:1 |       0 |    5165 |   0.0 |       0 |      12 |   0.0 |   139
         IceCv |       0 |    8113 |   0.0 |       0 |      22 |   0.0 |   208
    Desolation |       0 |   16186 |   0.0 |       0 |      24 |   0.0 |   123
               +---------+---------+-------+---------+---------+-------+---------
